Selects Advanced Infantry Battlegroup
Selects Convert to Ranger Squad
Construct Medical Station
Construct Weapon Support Center
Selects Designate Assault Position
Selects Ranger Weapon Training
Selects Artillery Observers
Selects Artillery Observers
Selects M2A1 105mm Howitzer Emplacement
Selects 155mm Rapid Artillery Barrage
155mm Rapid Artillery Barrage
M4(105) Sherman Bulldozer
155mm Rapid Artillery Barrage